 Dungeon Sprint DCSS version 0.30-a0-870-gc5d4c5acee (webtiles) character file.

Game seed: 1585312349246221809

5170 rocky1 the Imperceptible (level 10, 0/53 HPs)
             Began as a Vine Stalker Brigand on Mar 12, 2023.
             Was an Elder of Okawaru.
             Slain by Agnes
             ... wielding a +2 vampiric lajatang
              (22 damage)
             ... in the Dungeon (Sprint IV: "Fedhas' Mad Dash").
             The game lasted 00:14:07 (2907 turns).

rocky1 the Imperceptible (Vine Stalker Brigand)     Turns: 2907, Time: 00:14:09

Health: 0/53       AC:  8    Str: 14    XL:     10   Next: 59%
Magic:  0/14       EV: 18    Int: 11    God:    Okawaru [****..]
Gold:   9          SH:  0    Dex: 20    Spells: 5/9 levels left

rFire   + . .      SeeInvis .    r - +0 long sword
rCold   . . .      Faith    .    (no shield)
rNeg    + . .      Spirit   +    i - +3 leather armour
rPois   .          Reflect  .    (no helmet)
rElec   .          Rampage  .    c - +0 cloak
rCorr   .          NoTele   +    (no gloves)
Will    +....                    (no boots)
Stlth   ++++++++++               l - amulet of invisibility {+Inv}
HPRegen 1.08/turn                k - ring of protection from fire
MPRegen 0.14/turn                q - ring of positive energy

@: heroic, very slightly contaminated, invisible
A: fangs 3, regeneration 1, magic shield, antimagic bite, no potion heal 2
a: Renounce Religion, Evoke Invisibility, Heroism, Finesse


You were in the Dungeon.
You worshipped Okawaru.
Okawaru was greatly pleased with you.
You visited 1 branch You collected 207 gold pieces.
You spent 198 gold pieces at shops.

Inventory:

Hand Weapons
 g - a +0 rapier
 r - a +0 long sword (weapon)
Missiles
 d - 9 poisoned darts (quivered)
 e - 3 curare-tipped darts
 j - a datura-tipped dart
 m - an atropa-tipped dart
Armour
 b - a +0 robe
 c - a +0 cloak (worn)
 i - a +3 leather armour (worn)
Jewellery
 k - a ring of protection from fire (left hand)
 l - the amulet of invisibility (around neck) {+Inv}
   (You found it in the Dungeon)

   [amulet of nothing]

   +Inv:      It lets you turn invisible.
 q - a ring of positive energy (right hand)
Scrolls
 p - a scroll of butterflies
 s - a scroll of poison {unknown}
 u - a scroll of silence {unknown}
Potions
 a - a potion of might {unknown}
 f - 2 potions of curing
 h - 2 potions of magic
 o - a potion of attraction
 t - a potion of ambrosia {unknown}


   Skills:
 + Level 6.8(11.8) Fighting
 + Level 8.3(13.4) Short Blades
 + Level 1.1(10.3) Long Blades
 - Level 2.0(7.0) Throwing
 + Level 3.2(8.2) Armour
 + Level 4.6(9.6) Dodging
 * Level 22.5(27) Stealth
 - Level 4.0 Invocations
 + Level 9.3 Evocations


You had 5 spell levels left.
You knew the following spells:

 Your Spells              Type           Power      Damage    Failure   Level
a - Sticky Flame          Conj/Fire      0%         2d3       99%         4

Your spell library contained the following spells:

 Spells                   Type           Power      Damage    Failure   Level
 Lesser Beckoning         Tloc           0%         N/A       54%         2
 Gell's Gravitas          Tloc           0%         N/A       77%         3
 Ignite Poison            Fire/Tmut/Pois 0%         N/A       77%         3
 Teleport Other           Tloc           0%         N/A       77%         3
 Iron Shot                Conj/Erth      0%         9d1       100%        6
 Statue Form              Tmut/Erth      0%         N/A       100%        6
 Ignition                 Fire           0%         3d3       100%        8
 Summon Small Mammal      Summ           Unusable   N/A       N/A         1
 Summon Mana Viper        Hex/Summ       Unusable   N/A       N/A         5

Dungeon Overview and Level Annotations

Branches:
Dungeon (1/1)

Altars:
Cheibriados
Dithmenos
Elyvilon
Gozag
Hepliaklqana
Kikubaaqudgha
Makhleb
Nemelex Xobeh
Okawaru
Qazlal
Ru
Sif Muna
Trog
Uskayaw
Vehumet
Wu Jian
Xom
Yredelemnul
Zin
The Shining One
Jiyva
Lugonu

Shops:
D ****:[*

Annotations:
D Agnes


Innate Abilities, Weirdness & Mutations

You have razor-sharp teeth.
Your natural rate of healing is unusually fast.
When hurt, damage is shared between your health and your magic reserves.
Your bite disrupts and absorbs the magic of your enemies.
Potions cannot restore your health.


Message History

You fade into invisibility!
You are very lightly contaminated with residual magic.
You gain the combat prowess of a mighty hero.
As you open the door, it creaks loudly!
Agnes the Wanderer comes into view.
She is wielding a +2 vampiric lajatang and wearing a +2 robe of positive energy.
There is an open door here.
A spriggan berserker comes into view.
It is wielding a +0 antimagic quarterstaff.
Found Amump's General Store.
The helpless spriggan berserker fails to defend itself.
You slice the spriggan berserker!!
You bite the spriggan berserker, but do no damage.
The spriggan berserker is severely wounded.
Agnes shouts!
The spriggan berserker hits you with a +0 antimagic quarterstaff!
You feel your power leaking away.
Okay, then.
Really read the scroll of torment?
As you read the scroll of torment, it crumbles to dust.
Your body is wracked with pain!
The spriggan berserker convulses!
Agnes convulses!
The spriggan berserker mumbles some strange prayers to Trog.
The polar bear goes berserk!
Unknown command.
What are your orders? t - Shout!
Orders for allies: a - Attack new target. r - Retreat! s - Stop attacking. g - Guard the area. f - Follow me.
Anything else - Cancel.
Retreat in which direction?
Press: ? - help, Dir - move target, f - you
Okay, then.
Really read the scroll of torment?
As you read the scroll of torment, it crumbles to dust.
Your body is wracked with pain!
Agnes convulses!
The spriggan berserker convulses!
The polar bear convulses!
The polar bear growls angrily.
Agnes says, "It is my duty to kill you, but also my pleasure."
Agnes hits you with a +2 vampiric lajatang!!
You die...

#'##.._._._._._..#.!##∩∩.'...####
...#._._._._._.⌠.################
...###################......###..
####♣♣♣♣♣..♣.###.'..'.......')'..
.)'......♣..♣##..#..#.P.....#####
..#♣..♣♣♣.♣).###.##'##.P....#
..#.♣♣..♣...♣'...#♣.♣########
####*#############.....#***
,,,,,,,,,* **#@i♣..♣....#**
,,,,,,,,,****#.i.♣......♣..,****
,,,,,,,,,,....h...♣.....∩.∩,,,,*
,,,,,,,,,..################*****
************ ******* ******* ,,*
***,,*****,,,∩∩***,,,,,*** ,,*
*,,,,+,,,,,,,,,**,,,,,,+,* ***
*,,,,*****,,,,,+,,,,,,,*** *
**,,,,* ******************


You could see Agnes, a spriggan berserker and a polar bear (summoned, wandering,
berserk, unable to see you).

Vanquished Creatures
  A spriggan druid (D)
  6 oklob plants (D)
  A demonic crawler (D)
  3 burning bushes (D)
  3 wandering mushrooms (D)
  A queen bee (D)
  A hornet (D)
  3 scorpions (D)
  4 killer bees (D)
  5 oklob saplings (D)
  5 spriggans (D)
  A river rat (D)
  A rat (D)
  A ballistomycete spore (D)
36 creatures vanquished.

Notes
Turn   | Place    | Note
-------+----------+-------------------------------------------
     0 | D        | rocky1 the Vine Stalker Brigand began the quest for the
                  | Orb.
     0 | D        | Reached XP level 1. HP: 11/11 MP: 2/2
    11 | D        | Reached skill level 6 in Stealth
    11 | D        | Reached XP level 2. HP: 14/16 MP: 1/3
    29 | D        | Noticed an oklob sapling
    31 | D        | Killed an oklob sapling
    32 | D        | Reached skill level 7 in Stealth
    32 | D        | Reached XP level 3. HP: 20/20 MP: 2/4
    48 | D        | Noticed a scorpion
    48 | D        | Found the amulet of invisibility {+Inv}
    63 | D        | Killed a scorpion
    64 | D        | Reached skill level 9 in Stealth
    64 | D        | Gained mutation: Your natural rate of healing is unusually
                  | fast. [Vine Stalker growth]
    64 | D        | Reached XP level 4. HP: 2/25 MP: 1/5
   343 | D        | HP: 1/25 [oklob sapling/splash of acid (24)]
   348 | D        | Reached skill level 1 in Dodging
   348 | D        | Reached skill level 10 in Stealth
   348 | D        | Reached XP level 5. HP: 5/30 MP: 1/6
   402 | D        | Found an opulent altar of Gozag.
   402 | D        | Found a hazy altar of Hepliaklqana.
   402 | D        | Found a burning altar of Makhleb.
   402 | D        | Found a sparkling altar of Nemelex Xobeh.
   402 | D        | Found a snail-covered altar of Cheibriados.
   402 | D        | Found a sacrificial altar of Ru.
   402 | D        | Found a shimmering blue altar of Sif Muna.
   402 | D        | Found a shimmering altar of Xom.
   402 | D        | Found a basalt altar of Yredelemnul.
   403 | D        | Found a viscous altar of Jiyva.
   403 | D        | Found a bloodstained altar of Trog.
   403 | D        | Found an ornate altar of the Wu Jian Council.
   404 | D        | Found an iron altar of Okawaru.
   404 | D        | Found a shadowy altar of Dithmenos.
   404 | D        | Found a glowing silver altar of Zin.
   405 | D        | Found a hide-covered altar of Uskayaw.
   405 | D        | Found an ancient bone altar of Kikubaaqudgha.
   406 | D        | Found a stormy altar of Qazlal.
   406 | D        | Found a glowing golden altar of the Shining One.
   406 | D        | Found a white marble altar of Elyvilon.
   407 | D        | Found a radiant altar of Vehumet.
   407 | D        | Found a corrupted altar of Lugonu.
   411 | D        | Reached skill level 11 in Stealth
   413 | D        | Became a worshipper of Warmaster Okawaru
   436 | D        | Noticed a queen bee
   443 | D        | Killed a queen bee
   444 | D        | Reached skill level 5 in Fighting
   444 | D        | Reached skill level 5 in Short Blades
   444 | D        | Reached skill level 14 in Stealth
   444 | D        | Reached XP level 6. HP: 35/35 MP: 7/7
   445 | D        | Reached skill level 15 in Stealth
   445 | D        | Reached * piety under Okawaru
   446 | D        | Reached XP level 7. HP: 39/39 MP: 8/8
   674 | D        | Noticed an oklob plant
   687 | D        | Killed an oklob plant
   688 | D        | Reached skill level 1 in Armour
   688 | D        | Reached skill level 17 in Stealth
   688 | D        | Gained mutation: You have razor-sharp teeth. [Vine Stalker
                  | growth]
   688 | D        | Reached XP level 8. HP: 44/44 MP: 6/9
   728 | D        | Noticed a burning bush
   762 | D        | Killed a burning bush
   762 | D        | Reached ** piety under Okawaru
   763 | D        | Reached skill level 18 in Stealth
   880 | D        | Noticed a burning bush
   880 | D        | Noticed an oklob plant
   881 | D        | Noticed a wandering mushroom
   882 | D        | Killed a burning bush
   883 | D        | Reached skill level 5 in Evocations
   887 | D        | Killed an oklob plant
   887 | D        | Reached *** piety under Okawaru
   888 | D        | Reached skill level 19 in Stealth
   888 | D        | Reached XP level 9. HP: 48/48 MP: 10/10
   891 | D        | Killed a wandering mushroom
   940 | D        | Noticed a spriggan druid
   942 | D        | Killed a spriggan druid
   943 | D        | Reached skill level 20 in Stealth
  1272 | D        | Noticed an oklob plant conjurer
  1274 | D        | Killed an oklob plant conjurer
  1436 | D        | Noticed an oklob plant
  1436 | D        | Noticed an oklob plant summoner
  1857 | D        | Noticed an oklob plant shifter
  1861 | D        | Killed an oklob plant
  1863 | D        | Killed an oklob plant summoner
  1863 | D        | Reached **** piety under Okawaru
  1864 | D        | Reached skill level 21 in Stealth
  1864 | D        | Reached XP level 10. HP: 53/53 MP: 11/13
  1866 | D        | Killed an oklob plant shifter
  1866 | D        | Received a gift from Okawaru
  1889 | D        | Noticed a demonic crawler
  1891 | D        | Killed a demonic crawler
  1958 | D        | Learned a level 4 spell: Sticky Flame
  2465 | D        | Found Qahigh's Assorted Antiques.
  2465 | D        | Found Warem's Assorted Antiques.
  2473 | D        | Bought a scroll of identify for 42 gold pieces
  2473 | D        | Bought a scroll labelled ZIUPYNL GAVA for 21 gold pieces
  2473 | D        | Bought a scroll labelled ECVYGRUPSE for 21 gold pieces
  2473 | D        | Bought a scroll labelled ZYDDIXUBRE for 21 gold pieces
  2474 | D        | Bought a scroll labelled PEIGOAC GOOCHA for 24 gold pieces
  2474 | D        | Bought a scroll of identify for 48 gold pieces
  2686 | D        | Received a gift from Okawaru
  2687 | D        | Reached skill level 22 in Stealth
  2696 | D        | Found Tuficama's Book Emporium.
  2696 | D        | Found Caodghica's General Store.
  2700 | D        | Got Jonoroer's Annotations on Apparitions and Terrain
  2787 | D        | Noticed a spriggan rider
  2789 | D        | Found Looloh's Antique Armour Emporium.
  2838 | D        | Reached skill level 1 in Long Blades
  2846 | D        | Found Zock's Assorted Antiques.
  2868 | D        | Bought a metallic yellow potion for 21 gold pieces
  2899 | D        | Noticed Agnes
  2901 | D        | Found Amump's General Store.
  2901 | D        | Noticed a spriggan berserker
  2907 | D        | Slain by Agnes

Illustrated notes

Levels and vault maps discovered:
D:        dungeon_sprint_fedhas [sprint_temple]

Skill      XL: |  1  2  3  4  5  6  7  8  9 10 |
---------------+-------------------------------+-----
Fighting       | 2 3 4 5 6 |  6.8
Short Blades   | 2 3 4 5 6 7 8 |  8.3
Stealth        | 6 7 9 10 14 15 17 19 21 22 | 22.5
Throwing       | 2 |  2.0
Dodging        | 1 2 3 4 |  4.6
Evocations     | 2 4 6 8 9 |  9.3
Armour         | 1 2 3 |  3.2
Invocations    | 3 4 |  4.0
Long Blades    | 1 |  1.1

Action                     |  1- 3 |  4- 6 |  7- 9 | 10-12 || total
---------------------------+-------+-------+-------+-------++-------
  Melee: Dagger            |    13 |     9 |    44 |    52 ||   118
         Bite              |     2 |     4 |    21 |    29 ||    56
         Punch             |       |       |     2 |     1 ||     3
         Long sword        |       |       |       |    22 ||    22
  Throw: Dart              |     7 |       |       |    13 ||    20
 Invoke: Heroism           |       |       |     2 |     2 ||     4
Ability: Evoke Invisibilit |       |     2 |     7 |     2 ||    11
    Use: Potion            |     1 |       |       |     1 ||     2
         Scroll            |       |       |     2 |    10 ||    12
   Stab: Sleeping          |     2 |     4 |     9 |     4 ||    19
         Invisible         |       |       |     3 |     1 ||     4
 Armour: Leather armour    |       |       |     1 |     6 ||     7
  Dodge: Dodged            |     5 |       |    12 |    23 ||    40

Table legend: (Time is in decaauts)
 A = Elapsed time spent in this place.
 B = Non-inter-level travel time spent in this place.
 C = Inter-level travel time spent in this place.
 D = Time resting spent in this place.
 E = Time spent auto-exploring this place.
 F = Levels seen in this place.
 G = Mean time per level.
                   A        B        C        D        E       F      G
               +--------+--------+--------+--------+--------+-----+--------+
         Total |   2854 |   2740 |    114 |   2105 |      0 |   1 | 2854.0 |
       Dungeon |   2854 |   2740 |    114 |   2105 |      0 |   1 | 2854.0 |
               +--------+--------+--------+--------+--------+-----+--------+

Top non-repeatable levels by time:
       D: 2854 daAuts
